 Dungeon Crawl Stone Soup version 0.18.1-48-g4cf74bf (webtiles) character file.

96 Heedrag the Conjurer (level 4, -1/24 HPs)
             Began as a Deep Elf Conjurer on Aug 13, 2016.
             Slain by a gnoll
             ... wielding a +0 club
              (9 damage)
             ... on level 2 of the Dungeon.
             The game lasted 00:03:26 (1730 turns).

Heedrag the Conjurer (Deep Elf Conjurer)            Turns: 1730, Time: 00:03:27

Health: -1/24      AC:  2    Str:  6    XL:     4   Next: 41%
Magic:  5/12       EV: 13    Int: 20    God:
Gold:   80         SH:  0    Dex: 15    Spells: 2 memorised, 6 levels left

rFire  + . .     SeeInvis .     j - +0 spear
rCold  . . .     Gourm    .     a - +0 robe
rNeg   . . .     Faith    .     (no shield)
rPois  .         Spirit   .     g - +0 hat
rElec  .         Dismiss  .     (no cloak)
rCorr  .         Reflect  .     (no gloves)
SustAt .         Harm     .     (no boots)
MR     .....                    (no amulet)
Stlth  ++........               (no ring)
                                o - ring of protection from fire

@: not resistant to hostile enchantments, unstealthy
A: no striking features
a: no special abilities


You were on level 2 of the Dungeon.
You were very hungry.

You visited 1 branch of the dungeon, and saw 3 of its levels.

You collected 80 gold pieces.

Inventory:

Hand Weapons
 j - a +0 spear (weapon)
Armour
 a - a +0 robe (worn)
 g - a +0 hat (worn)
Jewellery
 o - a ring of protection from fire (left hand)
 r - an uncursed amulet of guardian spirit
Scrolls
 e - 7 scrolls of identify {unknown}
 i - 2 scrolls of amnesia {unknown}
 k - 2 scrolls of recharging {unknown}
 l - a scroll of enchant armour {unknown}
 m - a scroll of noise {unknown}
 q - a scroll of immolation {unknown}
 s - a scroll of teleportation {unknown}
Potions
 d - 2 potions of lignification {unknown}
 h - a potion of might {unknown}
 n - 2 potions of heal wounds {unknown}
Books
 b - a book of Conjurations

   Spells                             Type                      Level
   a - Magic Dart                     Conjuration                  1
   b - Searing Ray                    Conjuration                  2
   c - Dazzling Spray                 Conjuration/Hexes            3
   d - Fulminant Prism                Conjuration/Hexes            4
   e - Iskenderun's Mystic Blast      Conjuration                  4
   f - Iskenderun's Battlesphere      Conjuration/Charms           5
Comestibles
 c - 5 bread rations
 f - a royal jelly
 p - a slice of pizza


   Skills:
 - Level 2.4 Dodging
 - Level 2.4 Stealth
 + Level 4.4 Spellcasting
 * Level 5.8 Conjurations


You had 6 spell levels left.
You knew the following spells:

 Your Spells              Type           Power        Failure   Level  Hunger
a - Magic Dart            Conj           ####         1%          1    None
b - Iskenderun's Mystic   Conj           ####....     14%         4    ####...


Dungeon Overview and Level Annotations

Branches:
Dungeon (3/15)

Altars:
Kikubaaqudgha

Annotations:
D:3 nikopol's ghost, amateur MiBe


Message History

Aim: a gnoll, wieldin' a club an' wearin' a rin' mail (heavily wounded) Tha magic dart hits tha gnoll.
Tha gnoll be severely wounded.
Castin': Magic Dart Confirm wit' . or Enter, or press ? or * ta list all spells.
Aimin': Magic Dart
Press: ? - help, Shift-Dir - straight line, f/p - gnoll
Aim: a gnoll, wieldin' a club an' wearin' a rin' mail (severely wounded) Tha magic dart hits tha gnoll.
Tha gnoll be severely wounded.
Tha gnoll hits ye wit' a club.
Castin': Magic Dart Confirm wit' . or Enter, or press ? or * ta list all spells.
Aimin': Magic Dart
Press: ? - help, Shift-Dir - straight line, f/p - gnoll
Aim: a gnoll, wieldin' a club an' wearin' a rin' mail (severely wounded) Tha magic dart hits tha gnoll.
Tha gnoll be severely wounded.
Tha gnoll hits ye wit' a club!
Ye die...

#.#................##.#......#
........###.###...###.#......#
...<....# #.# #...# #........#
........# #.# #...# ########.####
#.......###.###..########.......#
######..#≈...≈#..........)......#
........#≈...≈#.(########.......#
######..#≈...≈#..g....###........
#### #..#≈...≈#.@..(.............
...######≈...≈#.......###........
...##...#≈...≈#.......# #........
...##.###≈...≈#.......# #........
...##.# #≈...≈#.......# ######...
#####.# ###.###.......##### #...
#.# #.# #...........# #### #.#
#_# ###########.# #.# ### #.#


You could see a gnoll.

Vanquished Creatures
  Terence (D:3)
  2 adders
  An ooze (D:1)
  A worm (D:3)
  3 dart slugs
  2 giant geckos (D:2)
  A giant cockroach (D:1)
  4 goblins
  7 hobgoblins
  4 jackals (D:3)
  5 kobolds
  A ball python (D:1)
  5 bats
  2 rats
39 creatures vanquished.

Notes
Turn   | Place    | Note
--------------------------------------------------------------
     0 | D:1      | Heedrag the Deep Elf Conjurer began the quest for the Orb.
     0 | D:1      | Reached XP level 1. HP: 10/10 MP: 6/6
    76 | D:1      | Reached XP level 2. HP: 15/15 MP: 1/8
   257 | D:1      | Reached skill level 5 in Conjurations
   694 | D:2      | Reached XP level 3. HP: 17/19 MP: 3/10
   806 | D:2      | Found an ancient bone altar of Kikubaaqudgha.
  1404 | D:3      | Noticed Terence
  1419 | D:3      | Killed Terence
  1419 | D:3      | Reached XP level 4. HP: 7/24 MP: 0/12
  1520 | D:3      | Learned a level 4 spell: Iskenderun's Mystic Blast
  1649 | D:3      | Noticed nikopol's ghost (amateur MiBe)
  1730 | D:2      | Slain by a gnoll

Skill      XL: |  1  2  3 |
---------------+----------+-----
Conjurations   | 5 |  5.8
Spellcasting   | 4 |  4.4
Dodging        | |  2.4
Stealth        | |  2.4

Action                   |  1- 3 |  4- 6 || total
-------------------------+-------+-------++-------
Melee: Spear             |     3 |       ||     3
 Cast: Magic Dart        |    75 |    32 ||   107
  Eat: Chunk             |     1 |       ||     1
Armor: Robe              |     5 |     1 ||     6
Dodge: Dodged            |     7 |    10 ||    17
